Map: Ruins of Seras

Players

Javert

  • Race: Zerg Zerg
  • League: Gold

PaedoMaster - Winner!

  • Race: Protoss Protoss
  • League: Gold

VOD

Have the link to the VOD?

Description

Time

  • Played on: Sept. 17, 2015, 7:29 p.m.
  • Length: 7:41
Show
View Real Time Build Order
Export as new Build Order

Javert Zerg 

Build Orders: Hatch First 

Get SALT Encoding   

  12  0:01  Drone  
  13  0:16  Overlord  
  13  0:20  Drone  
  14  0:36  Drone x2  
  14  0:40  Drone  
  17  1:00  Hatchery  
  16  1:08  Drone x2  
  18  1:17  Drone, Extractor  
  18  1:29  Drone, Extractor  
  18  1:30  Spawning Pool  
  17  1:33  Drone  
  19  1:48  Drone  
  20  1:54  Drone  
  21  2:12  Overlord  
  21  2:16  Queen x2  
  21  2:17  Metabolic Boost  
  25  2:24  Zergling x6  
  28  2:34  Drone x2  
  30  2:44  Drone x2  
  32  2:55  Queen  
  34  2:59  Overlord  
  34  3:08  Overlord  
  34  3:16  Drone x2  
  36  3:20  Hatchery  
  36  3:23  Drone x3  
  38  3:29  Overlord  
  38  3:34  Drone x3  
  40  3:46  Drone x4  
  40  3:47  Drone  
  45  3:54  Overlord  
  44  4:03  Drone, Roach Warren  
  44  4:09  Extractor x2  
  42  4:15  Extractor  
  42  4:16  Overlord  
  41  4:26  Zergling x2  
  41  4:27  Zergling x10  
  47  4:40  Lair  
  47  4:44  Roach  
  47  4:45  Roach x8  
  55  5:03  Zergling x10  
  49  5:17  Drone x2  
  51  5:31  Drone x5  
  56  5:42  Ravager x2  
  59  5:43  Ravager x4  
  59  5:48  Drone x2  
  64  5:57  Spine Crawler  
  64  6:03  Overlord  
  60  6:26  Roach  
  60  6:27  Roach x7  
  69  6:45  Zergling x2  
  69  6:46  Zergling x14  
  71  6:58  Drone  
  71  6:59  Drone  
  68  7:04  Overlord  
  68  7:05  Drone x2  
  68  7:06  Drone  
Show
View Real Time Build Order
Export as new Build Order

PaedoMaster Protoss - Winner!

Build Orders:  

Get SALT Encoding   

  12  0:01  Probe (Chrono Boost)  
  13  0:11  Probe (Chrono Boost)  
  14  0:18  Pylon  
  14  0:22  Probe (Chrono Boost)  
  15  0:35  Probe (Chrono Boost)  
  15  0:42  Gateway  
  16  0:45  Probe (Chrono Boost)  
  17  0:50  Assimilator  
  17  0:55  Probe (Chrono Boost)  
  18  1:05  Probe (Chrono Boost)  
  19  1:15  Probe (Chrono Boost)  
  20  1:25  Probe (Chrono Boost)  
  20  1:27  Pylon  
  20  1:29  Cybernetics Core  
  21  1:40  Probe (Chrono Boost)  
  22  1:55  Nexus  
  22  1:57  Probe (Chrono Boost)  
  23  2:03  Warp Gate (Chrono Boost)  
  23  2:07  Probe (Chrono Boost)  
  24  2:17  Probe (Chrono Boost)  
  24  2:20  Robotics Facility  
  25  2:24  Assimilator  
  25  2:27  Probe (Chrono Boost)  
  26  2:37  Probe (Chrono Boost)  
  27  2:48  Probe  
  27  3:01  Mothership Core  
  27  3:02  Gateway  
  27  3:04  Gateway  
  29  3:08  Warp Prism (Chrono Boost)  
  29  3:11  Probe  
  32  3:21  Probe  
  32  3:22  Probe  
  34  3:31  Probe  
  34  3:33  Gateway  
  35  3:34  Probe (Chrono Boost)  
  34  3:42  Probe (Chrono Boost)  
  34  3:46  Probe (Chrono Boost)  
  34  4:03  Probe (Chrono Boost)  
  34  4:04  Probe (Chrono Boost)  
  36  4:12  Zealot x3  
  36  4:15  Probe (Chrono Boost)  
  36  4:16  Probe (Chrono Boost)  
  44  4:17  Pylon  
  44  4:19  Observer  
  45  4:29  Pylon  
  45  4:31  Probe (Chrono Boost)  
  45  4:34  Probe (Chrono Boost), Assimilator  
  45  4:37  Stalker  
  45  4:38  Zealot, Assimilator  
  51  4:40  Stalker  
  53  4:53  Zealot  
  53  4:54  Probe (Chrono Boost)  
  53  4:55  Probe (Chrono Boost)  
  53  4:59  Zealot  
  51  5:03  Zealot x2  
  53  5:07  Probe x2 (Chrono Boost)  
  49  5:16  Probe (Chrono Boost)  
  49  5:17  Probe (Chrono Boost), Immortal (Chrono Boost)  
  51  5:28  Probe x2, Pylon  
  51  5:32  Sentry  
  51  5:33  Sentry x3  
  61  5:42  Probe  
  62  5:45  Probe  
  62  5:46  Pylon  
  63  5:50  Immortal  
  63  5:54  Probe  
  63  5:55  Pylon  
  64  5:57  Probe  
  69  6:06  Stalker x2  
  73  6:13  Zealot x2  
  69  6:29  Stalker  
  71  6:37  Immortal  
  63  6:45  Stalker x2  
  63  6:46  Stalker  
  67  6:55  Stalker  
  67  7:07  Probe x2  
  69  7:13  Robotics Bay  
  69  7:23  Stalker x4  
Tags
 
Add a new tag
Caveats
  • Supply blocks, unpowered buildings, or Contaminate may cause inaccurate times.
  • Supply counts are checked every 10 seconds.